[Event "WSCC 65 Open 2017"]
[Site "?"]
[Date "2017.11.18"]
[Round "10"]
[White "Mantovani, Renzo"]
[Black "Schnelzer, Reinhold"]
[Result "1-0"]
[ECO "A37"]
[WhiteElo "2307"]
[BlackElo "2208"]
[PlyCount "169"]
[EventDate "2017.??.??"]
[EventType "swiss"]
[EventCountry "ITA"]
[SourceTitle "Acqui Terme"]
[TimeControl "40/5400+30:1800+30"]
[WhiteClock "0:02:18"]
[BlackClock "0:17:35"]

1. c4 c5 2. Nc3 Nc6 3. Nf3 g6 4. g3 Bg7 5. Bg2 e6 6. d3 Nge7 7. Bd2 O-O 8. Rb1 h6 9. a3 d6 10. b4 e5 11. O-O Rb8 12. Ne1 b6 13. Nc2 Be6 14. Ne3 Qd7 15. Ned5 f5 16. b5 Nd8 17. a4 f4 18. Nxe7+ Qxe7 19. Nd5 Bxd5 20. Bxd5+ Kh7 21. e3 fxg3 22. hxg3 Ne6 23. Qg4 Rf6 24. f4 Rbf8 25. Bc3 Nc7 26. Be4 Qe6 27. Qh4 R6f7 28. Qh1 exf4 29. Bxg7 Kxg7 30. gxf4 Rd8 31. Qg2 Kh7 32. Rf3 d5 33. cxd5 Nxd5 34. Rg3 Ne7 35. Kh2 Nf5 36. Bxf5 Rxf5 37. Qe4 Qa2+ 38. Rg2 Rh5+ 39. Kg3 Qf7 40. Rbg1 Rhd5 41. Kf3 R5d6 42. Rxg6 Rxg6 43. Rxg6 Qxg6 44. Qe7+ Qg7 45. Qxd8 Qf7 46. e4 c4 47. dxc4 Qxc4 48. Qd7+ Kh8 49. Qe8+ Kh7 50. Kg4 Qf1 51. Qf7+ Kh8 52. Qf6+ Kh7 53. Qe7+ Kg8 54. Qd8+ Kg7 55. Qc7+ Kg8 56. Qb8+ Kg7 57. Qxa7+ Kg8 58. Qb8+ Kg7 59. Qc7+ Kg8 60. Kf5 Qh3+ 61. Ke5 Qh5+ 62. Ke6 Qg6+ 63. Kd5 h5 64. Qd8+ Kf7 65. Qd7+ Kf8 66. f5 Qg4 67. Qd8+ Kf7 68. Qc7+ Kf8 69. Qb8+ Kf7 70. Qb7+ Kf8 71. Ke6 Qg8+ 72. Kf6 Qh8+ 73. Kg6 Qg8+ 74. Kxh5 Qh8+ 75. Kg5 Qg8+ 76. Kf4 Qa2 77. Qc8+ Kg7 78. Qd7+ Kh8 79. Ke5 Qh2+ 80. Ke6 Qh1 81. e5 Qh3 82. Ke7 Qh4+ 83. f6 Qh7+ 84. Kd8 Qf7 85. Qe8+ 1-0

[Event "WSCC 65 Open 2017"]
[Site "?"]
[Date "2017.11.18"]
[Round "10"]
[White "Certek, Pavel"]
[Black "Jhunjhnuwala, Krishan"]
[Result "1/2-1/2"]
[ECO "D32"]
[WhiteElo "2295"]
[BlackElo "2340"]
[PlyCount "53"]
[EventDate "2017.??.??"]
[EventType "swiss"]
[EventCountry "ITA"]
[SourceTitle "Acqui Terme"]
[TimeControl "40/5400+30:1800+30"]
[WhiteClock "0:24:29"]
[BlackClock "0:25:32"]

1. d4 d5 2. c4 e6 3. Nc3 c5 4. e3 Nf6 5. Nf3 Nc6 6. a3 cxd4 7. exd4 dxc4 8. Bxc4 Be7 9. O-O O-O 10. Be3 a6 11. Rc1 b5 12. Ba2 Bb7 13. d5 exd5 14. Nxd5 Nxd5 15. Bxd5 Rc8 16. Ne5 Nxe5 17. Bxb7 Rxc1 18. Qxc1 Nc4 19. Bxa6 Qd7 20. a4 Nxe3 21. Qxe3 bxa4 22. Qb6 Bf6 23. Bb5 Qd4 24. Qxd4 Bxd4 25. Bxa4 Bxb2 26. Rb1 Rc8 27. g3 1/2-1/2

[Event "WSCC 65 Open 2017"]
[Site "?"]
[Date "2017.11.18"]
[Round "10"]
[White "Mannion, Stephen R"]
[Black "Vebic, Kasem"]
[Result "1-0"]
[ECO "C64"]
[WhiteElo "2294"]
[BlackElo "2118"]
[PlyCount "47"]
[EventDate "2017.??.??"]
[EventType "swiss"]
[EventCountry "ITA"]
[SourceTitle "Acqui Terme"]
[TimeControl "40/5400+30:1800+30"]
[WhiteClock "0:36:03"]
[BlackClock "0:50:23"]

1. e4 e5 2. Nf3 Nc6 3. Bb5 Bc5 4. O-O Qf6 5. Nc3 Nge7 6. Nd5 Nxd5 7. exd5 Ne7 8. Qe2 a6 9. Ba4 b5 10. Bb3 d6 11. d4 Bb6 12. Bg5 Qf5 13. dxe5 dxe5 14. Bxe7 Kxe7 15. Nxe5 Kf6 16. Rae1 Bc5 17. Kh1 h5 18. c3 Bd6 19. f4 Qh7 20. Qf2 h4 21. Bc2 g6 22. Qd4 Kg7 23. Ng4+ Kf8 24. Nf6 1-0

[Event "WSCC 65 Open 2017"]
[Site "?"]
[Date "2017.11.18"]
[Round "10"]
[White "Contin, Daniel"]
[Black "Kannenberg, Karl-Heinz"]
[Result "1-0"]
[ECO "B14"]
[WhiteElo "2272"]
[BlackElo "2216"]
[PlyCount "39"]
[EventDate "2017.??.??"]
[EventType "swiss"]
[EventCountry "ITA"]
[SourceTitle "Acqui Terme"]
[TimeControl "40/5400+30:1800+30"]
[WhiteClock "0:11:25"]
[BlackClock "0:25:49"]

1. c4 c6 2. e4 d5 3. exd5 cxd5 4. d4 Nf6 5. Nc3 e6 6. a3 Be7 7. Nf3 dxc4 8. Bxc4 O-O 9. O-O Nbd7 10. Qd3 Nb6 11. Bb3 Nbd5 12. Re1 b6 13. Bc2 Re8 14. Bg5 g6 15. Ne5 Qc7 16. Ba4 Nd7 17. Nxd5 exd5 18. Rac1 Qd6 19. Nc6 f6 20. Bh4 1-0

[Event "WSCC 65 Open 2017"]
[Site "?"]
[Date "2017.11.17"]
[Round "10"]
[White "Stepovoj, Vladimir"]
[Black "Hardicsay, Peter"]
[Result "*"]
[ECO "B30"]
[WhiteElo "2265"]
[BlackElo "2213"]
[PlyCount "26"]
[EventDate "2017.??.??"]
[EventType "swiss"]
[EventCountry "ITA"]
[SourceTitle "Acqui Terme"]
[TimeControl "40/5400+30:1800+30"]
[WhiteClock "1:25:57"]
[BlackClock "1:03:23"]

1. e4 c5 2. Nf3 Nc6 3. c3 Nf6 4. e5 Nd5 5. Bc4 Nb6 6. Bb3 d5 7. exd6 c4 8. Bc2 Qxd6 9. O-O e5 10. b3 cxb3 11. axb3 Bg4 12. h3 Bh5 13. Qe2 Be7 *

[Event "WSCC 65 Open 2017"]
[Site "?"]
[Date "2017.11.17"]
[Round "10"]
[White "Kierzek, Matthias"]
[Black "Pritchett, Craig W"]
[Result "0-1"]
[ECO "E16"]
[WhiteElo "2252"]
[BlackElo "2280"]
[PlyCount "21"]
[EventDate "2017.??.??"]
[EventType "swiss"]
[EventCountry "ITA"]
[SourceTitle "Acqui Terme"]
[TimeControl "40/5400+30:1800+30"]
[WhiteClock "1:12:28"]
[BlackClock "1:14:21"]

1. d4 Nf6 2. c4 e6 3. Nf3 Bb4+ 4. Bd2 Qe7 5. g3 Bxd2+ 6. Qxd2 d5 7. Bg2 O-O 8. O-O Rd8 9. Rc1 Nc6 10. Ne5 Nxe5 11. dxe5 0-1

[Event "WSCC 65 Open 2017"]
[Site "?"]
[Date "2017.11.17"]
[Round "10"]
[White "Frick, Christoph"]
[Black "Vogt, Lothar"]
[Result "*"]
[ECO "B21"]
[WhiteElo "2230"]
[BlackElo "2398"]
[PlyCount "22"]
[EventDate "2017.??.??"]
[EventType "swiss"]
[EventCountry "ITA"]
[SourceTitle "Acqui Terme"]
[TimeControl "40/5400+30:1800+30"]

1. e4 c5 2. d4 cxd4 3. c3 dxc3 4. Nxc3 Nc6 5. Nf3 Nf6 6. Bc4 d6 7. O-O e6 8. Qe2 Be7 9. Rd1 e5 10. Be3 Bg4 11. h3 Bh5 *

[Event "WSCC 65 Open 2017"]
[Site "?"]
[Date "2017.11.17"]
[Round "10"]
[White "Hartung-Nielsen, Jens"]
[Black "Piasetski, Leon"]
[Result "*"]
[ECO "B21"]
[WhiteElo "2204"]
[BlackElo "2269"]
[PlyCount "25"]
[EventDate "2017.??.??"]
[EventType "swiss"]
[EventCountry "ITA"]
[SourceTitle "Acqui Terme"]
[TimeControl "40/5400+30:1800+30"]
[WhiteClock "1:21:34"]
[BlackClock "1:07:02"]

1. e4 c5 2. d4 cxd4 3. c3 d3 4. Bxd3 Nc6 5. c4 g6 6. Nf3 Bg7 7. O-O d6 8. h3 Nf6 9. Nc3 O-O 10. Be3 Nd7 11. Qd2 Nc5 12. Be2 f5 13. exf5 *

[Event "WSCC 65 Open 2017"]
[Site "?"]
[Date "2017.11.18"]
[Round "11"]
[White "Komljenovic, Davorin"]
[Black "Van Riemsdijk, Herman C"]
[Result "1/2-1/2"]
[ECO "A09"]
[WhiteElo "2379"]
[BlackElo "2284"]
[PlyCount "121"]
[EventDate "2017.??.??"]
[EventType "swiss"]
[EventCountry "ITA"]
[SourceTitle "Acqui Terme"]
[TimeControl "40/5400+30:1800+30"]
[WhiteClock "0:14:04"]
[BlackClock "0:08:19"]

1. Nf3 d5 2. c4 d4 3. b4 f6 4. d3 e5 5. a3 a5 6. b5 Ne7 7. g3 Nd7 8. Bg2 Nc5 9. a4 Ng6 10. O-O Be7 11. Ba3 O-O 12. Nbd2 Bf5 13. Nb3 Nxb3 14. Qxb3 Bxa3 15. Qxa3 Qd7 16. Nd2 Rab8 17. c5 Bh3 18. c6 Qe6 19. cxb7 Bxg2 20. Kxg2 Rxb7 21. Qa2 Kf7 22. Rfc1 Ne7 23. Qxe6+ Kxe6 24. Nb3 Ra7 25. e3 dxe3 26. fxe3 Rb8 27. Rab1 Rb6 28. Nd2 Rd6 29. Rb3 Nd5 30. Kf3 h5 31. Ke2 Ne7 32. Rbc3 Nd5 33. Rc5 Rd7 34. Nc4 Nb4 35. Rd1 Rd5 36. Rxd5 Nxd5 37. Rc1 Ne7 38. e4 Ra8 39. Ke3 Ra7 40. d4 exd4+ 41. Kxd4 g5 42. Kc5 Ra8 43. Rd1 g4 44. Ne3 Rg8 45. Kc4 Rg5 46. Rd8 Re5 47. Kd4 f5 48. exf5+ Nxf5+ 49. Nxf5 Rxf5 50. Ra8 Rf2 51. Rxa5 Rxh2 52. Ra8 h4 53. gxh4 g3 54. Ke3 Rxh4 55. Kf3 Rb4 56. Kxg3 Kd7 57. Ra6 Kc8 58. Kf3 Kb7 59. Ke3 c6 60. Rxc6 Rxa4 61. Kd3 1/2-1/2

[Event "WSCC 65 Open 2017"]
[Site "?"]
[Date "2017.11.18"]
[Round "11"]
[White "Stepovoj, Vladimir"]
[Black "Vasiukov, Evgeni"]
[Result "0-1"]
[ECO "A43"]
[WhiteElo "2265"]
[BlackElo "2404"]
[PlyCount "64"]
[EventDate "2017.??.??"]
[EventType "swiss"]
[EventCountry "ITA"]
[SourceTitle "Acqui Terme"]
[TimeControl "40/5400+30:1800+30"]
[WhiteClock "0:02:55"]
[BlackClock "0:34:13"]

1. d4 Nf6 2. Nf3 c5 3. d5 g6 4. Nc3 Bg7 5. e4 O-O 6. Be2 d6 7. O-O Na6 8. Nd2 Nc7 9. a4 b6 10. Nc4 Ba6 11. Ne3 Bxe2 12. Qxe2 Re8 13. Rd1 a6 14. f4 e6 15. Qf3 exd5 16. Nexd5 Ncxd5 17. exd5 Qd7 18. Ne2 Re7 19. Ng3 Rae8 20. f5 Re1+ 21. Rxe1 Rxe1+ 22. Kf2 Qe7 23. Ne2 Rd1 24. g3 Rxd5 25. fxg6 hxg6 26. Kg2 Rf5 27. Bf4 g5 28. g4 Rxf4 29. Nxf4 gxf4 30. Rf1 Qe6 31. h3 Nd5 32. Kh1 Bxb2 0-1

[Event "WSCC 65 Open 2017"]
[Site "?"]
[Date "2017.11.18"]
[Round "11"]
[White "Primbetov, Marat"]
[Black "Frick, Christoph"]
[Result "1-0"]
[ECO "B10"]
[WhiteElo "2222"]
[BlackElo "2230"]
[PlyCount "142"]
[EventDate "2017.??.??"]
[EventType "swiss"]
[EventCountry "ITA"]
[SourceTitle "Acqui Terme"]
[TimeControl "40/5400+30:1800+30"]
[WhiteClock "0:03:34"]
[BlackClock "0:04:36"]

1. e4 c6 2. d3 d5 3. Nd2 e5 4. Ngf3 Bd6 5. d4 exd4 6. exd5 Nf6 7. dxc6 Nxc6 8. Be2 O-O 9. O-O Re8 10. Re1 Bg4 11. h3 Bh5 12. Nh4 d3 13. cxd3 Bxe2 14. Rxe2 Rxe2 15. Qxe2 Nd4 16. Qd1 Rc8 17. Nc4 Bb8 18. Be3 b5 19. Bxd4 Qxd4 20. Nf5 Qd7 21. Nce3 g6 22. Nh6+ Kg7 23. Qd2 Kf8 24. Nhg4 Nh5 25. Nf1 Nf4 26. Rd1 h5 27. Ngh2 Rd8 28. Nf3 Qd5 29. h4 Kg8 30. Ne3 Qxa2 31. Qb4 Qe6 32. Qxb5 Bc7 33. Qc4 Qd6 34. Ng5 Rd7 35. g3 Ne2+ 36. Kf1 Nd4 37. Ne4 Qe5 38. f4 Qe7 39. Nd5 Rxd5 40. Qxd5 Nf5 41. Re1 Kg7 42. Re2 Kh6 43. Qa8 Bd8 44. Qb8 Qd7 45. Qe5 Kh7 46. Qc3 Nd4 47. Rg2 Nf5 48. Ke1 Ne3 49. Re2 Nd5 50. Qe5 Nb4 51. Qd6 Nxd3+ 52. Kd2 Qxd6 53. Nxd6 Nxb2 54. Nxf7 Bf6 55. Re4 a5 56. Kc2 a4 57. Ne5 a3 58. Rd4 Kg7 59. Kb3 Be7 60. Nc6 Bf8 61. Nb4 Bc5 62. Rd7+ Kf6 63. Kxa3 Ke6 64. Rd8 Nc4+ 65. Ka4 Ne3 66. Kb5 Bd6 67. Re8+ Be7 68. Nc6 Nf5 69. Nxe7 Nxe7 70. Kc5 Kf6 71. Rb8 Kf5 {[%emt 0:00:31] Kd5 Ke4+} 1-0

[Event "WSCC 65 Open 2017"]
[Site "?"]
[Date "2017.11.18"]
[Round "11"]
[White "Hartung-Nielsen, Jens"]
[Black "Lisenko, Alexander V"]
[Result "0-1"]
[ECO "B21"]
[WhiteElo "2204"]
[BlackElo "2372"]
[PlyCount "130"]
[EventDate "2017.??.??"]
[EventType "swiss"]
[EventCountry "ITA"]
[SourceTitle "Acqui Terme"]
[TimeControl "40/5400+30:1800+30"]

1. e4 c5 2. d4 cxd4 3. c3 d5 4. exd5 Qxd5 5. cxd4 Nc6 6. Nf3 e6 7. Nc3 Bb4 8. Bd2 Qd8 9. Bc4 Nge7 10. Ne4 O-O 11. O-O Bxd2 12. Qxd2 b6 13. Rad1 Bb7 14. Rfe1 Rc8 15. Qe2 Na5 16. Bd3 Qd5 17. b4 Nac6 18. Bc4 Qd8 19. a3 h6 20. Qa2 Kh8 21. Ng3 Qc7 22. Bb3 a5 23. b5 Na7 24. a4 Bxf3 25. gxf3 Qf4 26. Rd3 Rc1 27. Rxc1 Qxc1+ 28. Rd1 Qf4 29. Qe2 Nac8 30. Qe4 Qd6 31. f4 Qb4 32. Bc2 g6 33. Qe5+ Kg8 34. h4 Qd6 35. Ne4 Qxe5 36. fxe5 Rd8 37. Bb3 Kg7 38. Nf6 Nf5 39. d5 Nxh4 40. Rd3 exd5 41. Nxd5 Ne7 42. f4 g5 43. fxg5 hxg5 44. Nf4 Rxd3 45. Nxd3 Nf3+ 46. Kf2 Nd4 47. Bd1 Nd5 48. Nb2 Kg6 49. Bg4 Nf5 50. Nc4 Nd4 51. Bc8 Ne6 52. Bb7 Nef4 53. Bc8 Nd3+ 54. Kf3 Nc5 55. Nb2 Nc3 56. Kg4 N5xa4 57. Nc4 Nxb5 58. Bf5+ Kh6 59. Bc2 Nbc3 60. Nd6 Kg7 61. Kxg5 Nc5 62. Nc4 Nd7 63. Kf5 Nd5 64. Ba4 Nc5 65. Kg5 Nxa4 0-1

[Event "WSCC 65 Open 2017"]
[Site "?"]
[Date "2017.11.18"]
[Round "11"]
[White "Privara, Igor"]
[Black "Rooze, Jan"]
[Result "0-1"]
[ECO "B22"]
[WhiteElo "2184"]
[BlackElo "2314"]
[PlyCount "76"]
[EventDate "2017.??.??"]
[EventType "swiss"]
[EventCountry "ITA"]
[SourceTitle "Acqui Terme"]
[TimeControl "40/5400+30:1800+30"]
[WhiteClock "0:03:27"]
[BlackClock "0:03:47"]

1. e4 c5 2. c3 Nf6 3. e5 Nd5 4. Nf3 e6 5. Bc4 d6 6. d4 cxd4 7. cxd4 Be7 8. O-O O-O 9. Qe2 b6 10. Nc3 Nxc3 11. bxc3 Bb7 12. Re1 Qc7 13. Bd3 Nd7 14. Bf4 Rfe8 15. Rad1 Rac8 16. c4 d5 17. Rc1 dxc4 18. Bxc4 Qb8 19. Qe3 Qa8 20. h4 a6 21. h5 b5 22. Bb3 Nb6 23. Bg5 Bb4 24. Nd2 Rxc1 25. Rxc1 Rc8 26. Rxc8+ Qxc8 27. Ne4 Qc6 28. f3 Nd5 29. Qf2 h6 30. Bd2 Bf8 31. Qg3 Kh8 32. Qg4 Qb6 33. Nc3 Ne7 34. Qf4 Kg8 35. Kh1 b4 36. Ne2 Qb5 37. Qe3 Nf5 38. Qf2 Qxe2 0-1

[Event "WSCC 65 Open 2017"]
[Site "?"]
[Date "2017.11.18"]
[Round "11"]
[White "Yakimenko, Alexander A"]
[Black "Malisov, Boris"]
[Result "0-1"]
[ECO "A43"]
[WhiteElo "2115"]
[BlackElo "2240"]
[PlyCount "123"]
[EventDate "2017.??.??"]
[EventType "swiss"]
[EventCountry "ITA"]
[SourceTitle "Acqui Terme"]
[TimeControl "40/5400+30:1800+30"]
[WhiteClock "0:01:15"]
[BlackClock "0:01:55"]

1. d4 c5 2. d5 Nf6 3. Nc3 g6 4. e4 Bg7 5. e5 Ng8 6. Nf3 d6 7. Bb5+ Kf8 8. Bf4 a6 9. Be2 dxe5 10. Bxe5 Nd7 11. Bf4 Nh6 12. h4 b6 13. h5 Bb7 14. Qd2 Nf5 15. O-O-O Nd4 16. Bh6 Nxe2+ 17. Nxe2 Nf6 18. Bxg7+ Kxg7 19. h6+ Kf8 20. Nf4 Qd6 21. Rhe1 Rd8 22. c4 b5 23. Ne5 Rg8 24. g3 Bc8 25. Qa5 Re8 26. cxb5 axb5 27. Qxb5 Ba6 28. Qa4 g5 29. Nh5 Bc8 30. Ng7 Rd8 31. Nc6 Bd7 32. Qa5 Rc8 33. Nxe7 Rb8 34. Nxg8 Kxg8 35. Qd2 Ng4 36. Ne6 f6 37. f4 c4 38. Qc3 gxf4 39. Nxf4 Ne5 40. Kb1 Bf5+ 41. Ka1 Ra8 42. Ne6 Qa6 43. a3 Qd6 44. Rd4 Bd3 45. Rf4 Qe7 46. Nd4 Qd6 47. Nc6 Nd7 48. Re6 Qc5 49. Re1 Qd6 50. Rxc4 Bxc4 51. Qxc4 Qxg3 52. Qb4 Kh8 53. Re7 Qh3 54. Qe4 Nf8 55. Ka2 Qxh6 56. d6 Qd2 57. Qd4 Qxd4 58. Nxd4 Rd8 59. Nf5 Rd7 60. a4 h5 61. a5 h4 62. Rxd7 0-1